ANAHEIM Ducks vs SAN JOSE Sharks (R3)

Created - 29 avril 2024 at 14:02

Goals
1 2 3 T
ANAHEIM Ducks 1 0 0 1
SAN JOSE Sharks 0 1 3 4
Shots
1 2 3 T
ANAHEIM Ducks 22 11 6 39
SAN JOSE Sharks 11 10 7 28

1st period

1. ANAHEIM Ducks , Nathan MacKinnon 1 (Brayden Point 1, MacKenzie Weegar 1) at 12:20 (PP)

Penalties :
Connor Murphy (SJS) for Boarding (Minor) at 0:59, Brayden McNabb (SJS) for Interference (Minor) at 2:39, Brayden Point (ANA) for High sticking (Double Minor) at 2:39, Brayden McNabb (SJS) for Slashing (Double Minor) at 9:56, Elias Lindholm (ANA) for Holding (Minor) at 14:35, MacKenzie Weegar (ANA) for Tripping (Minor) at 15:59

2nd period

2. SAN JOSE Sharks , Andrew Cogliano 1 (Troy Stecher 1, John Klingberg 1) at 8:12

Penalties :
Brett Pesce (ANA) for Hooking (Minor) at 1:58, Artturi Lehkonen (ANA) for Boarding (Minor) at 8:13, Brayden McNabb (SJS) for Tripping (Minor) at 13:51, Brayden McNabb (SJS) for Slashing (Minor) at 17:38

3rd period

3. SAN JOSE Sharks , Andrew Mangiapane 1 (John Klingberg 2, Brayden McNabb 1) at 9:15 (PP)
4. SAN JOSE Sharks , Andrew Mangiapane 2 (Brayden McNabb 2, Evander Kane 1) at 11:35 (PP)
5. SAN JOSE Sharks , Jack Johnson 1 (John Tavares 1, Joe Pavelski 1) at 12:18

Penalties :
Brayden McNabb (SJS) for High sticking (Minor) at 3:07, Brett Pesce (ANA) for Elbowing (Minor) at 7:57, Viktor Arvidsson (ANA) for Delaying the game (Minor) at 9:48, Jack Johnson (SJS) for Interference (Minor) at 14:49

Goalie Stats

Philipp Grubauer (ANA), 24 saves from 28 shots - (0,857), L, 0-1-0, 60:00 minutes
Darcy Kuemper (SJS), 38 saves from 39 shots - (0,974), W, 1-0-0, 60:00 minutes

Players Stats for ANAHEIM Ducks

Player Name              G  A  P  +/- PIM S  H  SB GA TA FO     MP     PP MP  PK MP  
------------------------------------------------------------------------------------
Artturi Lehkonen         0  0  0  -1  2   2  2  0  0  0  1/1    16:17   5:17   0:00 
Brayden Point            0  1  1   0  4   6  1  0  0  0  16/26  17:26   6:42   0:10 
Brett Pesce              0  0  0   0  4   3  0  2  0  0  0/0    21:56   5:23   5:26 
Chandler Stephenson      0  0  0  -1  0   4  3  0  0  0  6/7    25:09   5:17   7:55 
David Kampf              0  0  0   0  0   1  0  0  0  0  5/8     7:24   0:00   4:25 
Derick Brassard          0  0  0   0  0   0  2  0  0  0  0/0     2:59   0:00   0:00 
Elias Lindholm           0  0  0  -1  2   5  1  0  0  0  22/43  23:25   5:17   6:05 
Jeff Carter              0  0  0  -1  0   0  1  0  0  0  2/8     9:01   0:00   0:00 
Joel Farabee             0  0  0  -1  0   0  1  0  0  0  0/0     9:01   0:00   0:00 
Justin Holl              0  0  0   0  0   0  0  2  0  0  0/0    16:51   0:00   6:09 
MacKenzie Weegar         0  1  1  -2  2   4  3  3  0  0  0/0    24:54   6:37   4:34 
Mark Giordano            0  0  0  -2  0   2  0  2  0  0  0/0    22:05   6:37   1:45 
Nathan MacKinnon         1  0  1   0  0   6  4  0  0  0  2/3    18:20   6:43   0:00 
Nick Paul                0  0  0  -1  0   1  2  0  0  0  0/0    13:23   0:00   4:22 
Ryan Lindgren            0  0  0   0  0   0  2  3  0  0  0/0    17:39   0:00   6:57 
Ryan Pulock              0  0  0   0  0   0  0  0  0  0  0/0    16:32   5:23   0:00 
Viktor Arvidsson         0  0  0   0  2   4  0  0  0  0  1/2    19:32   6:43   1:20 
Warren Foegele           0  0  0   0  0   1  0  0  0  0  0/0     2:59   0:00   0:00 

Players Stats for SAN JOSE Sharks

Player Name              G  A  P  +/- PIM S  H  SB GA TA FO     MP     PP MP  PK MP  
------------------------------------------------------------------------------------
Andrew Cogliano          1  0  1   1  0   2  0  0  0  0  0/0     9:24   0:00   0:00 
Andrew Mangiapane        2  0  2   0  0   4  1  0  0  0  0/1    15:40   6:32   0:00 
Austin Watson            0  0  0   0  0   0  2  0  0  0  0/0     3:45   0:00   0:42 
Brayden McNabb           0  2  2   0  12  0  1  0  0  0  0/0    20:40   6:52   1:35 
Cal Clutterbuck          0  0  0   0  0   0  0  0  0  0  0/0     4:04   0:00   1:01 
Cody Ceci                0  0  0   0  0   2  5  1  0  0  0/0    24:12   5:00   6:55 
Connor Murphy            0  0  0   1  2   1  2  4  0  0  0/0    16:26   0:34   4:52 
Evander Kane             0  1  1   0  0   1  2  0  0  0  0/1    15:40   6:32   0:00 
Jack Johnson             1  0  1   1  2   2  2  3  0  0  0/0    23:01   5:00   5:52 
Joe Pavelski             0  1  1   1  0   3  0  0  0  0  1/3    17:54   5:54   0:00 
John Klingberg           0  2  2   1  0   0  2  0  0  0  0/0    20:16   7:26   0:53 
John Tavares             0  1  1   1  0   3  3  0  0  0  25/50  26:22   5:54   7:10 
Kyle Connor              0  0  0   1  0   4  1  0  0  0  0/0    26:22   5:54   7:10 
Matias Maccelli          0  0  0   1  0   0  0  0  0  0  4/9     9:24   0:00   0:00 
Matt Nieto               0  0  0   1  0   1  0  0  0  0  0/2    13:54   0:00   4:08 
Nick Cousins             0  0  0   0  0   0  0  0  0  0  1/2     3:03   0:00   0:00 
Sam Bennett              0  0  0   0  0   4  3  0  0  0  12/30  20:10   6:32   4:08 
Troy Stecher             0  1  1   1  0   1  3  1  0  0  0/0    15:18   0:00   4:30 

3 Stars

1 - Darcy Kuemper (SJS)
2 - Andrew Mangiapane (SJS)
3 - John Klingberg (SJS)

Power Play

ANAHEIM Ducks - 1 on 7 Attempt(s) - 14,29%
SAN JOSE Sharks - 2 on 7 Attempt(s) - 28,57%

Penalty Kill

ANAHEIM Ducks - 5 on 7 Attempt(s) - 71,43% - Score 0 goal in Penalty Kill
SAN JOSE Sharks - 6 on 7 Attempt(s) - 85,71% - Score 0 goal in Penalty Kill

Team Stat

ANAHEIM Ducks - Hits : 22 - Faceoff Wins : 55 - Blocked Shots : 12 - Penalty Minutes : 16
SAN JOSE Sharks - Hits : 27 - Faceoff Wins : 43 - Blocked Shots : 9 - Penalty Minutes : 16

Official

Referees : Furman South and Ian Walsh
Linesman : Doug Krell and Libor Suchanek

Game Notes

No Game Note

Finance

Level 1 -- Attendance: 5323 (88,72%) -- Ticket Income $532,300
Level 2 -- Attendance: 4458 (89,16%) -- Ticket Income $267,480
Level 3 -- Attendance: 2000 (100,00%) -- Ticket Income $70,000
Level 4 -- Attendance: 4000 (100,00%) -- Ticket Income $80,000
Luxury Box -- Attendance: 977 (97,70%) -- Ticket Income $195,400
Game was played at the SAP Center.
Total Attendance: 16758 (93,10%)
Total Ticket Income: $1,145,180
Other Income: $286,295
Total Income: $1,431,475

ANAHEIM Ducks

5 vs 5 Forward 
   Center                   Left Wing                Right Wing               Time % Phy DF OF 
 1 Brayden Point            Viktor Arvidsson         Nathan MacKinnon         35     0   2  3  
 2 Elias Lindholm           Chandler Stephenson      Artturi Lehkonen         35     0   2  3  
 3 Jeff Carter              Nick Paul                Joel Farabee             20     1   2  2  
 4 David Kampf              Derick Brassard          Warren Foegele           10     1   3  1  

5 vs 5 Defense 
   Defense                  Defense                                           Time % Phy DF OF 
 1 Mark Giordano            MacKenzie Weegar                                  40     1   2  2  
 2 Ryan Pulock              Brett Pesce                                       35     1   2  2  
 3 Justin Holl              Ryan Lindgren                                     20     2   2  1  
 4 Mark Giordano            MacKenzie Weegar                                  5      2   2  1  

PowerPlay Forward 
   Center                   Left Wing                Right Wing               Time % Phy DF OF 
 1 Brayden Point            Viktor Arvidsson         Nathan MacKinnon         60     0   1  4  
 2 Elias Lindholm           Chandler Stephenson      Artturi Lehkonen         40     0   1  4  

PowerPlay Defense
   Defense                  Defense                                           Time % Phy DF OF 
 1 Mark Giordano            MacKenzie Weegar                                  60     0   1  4  
 2 Ryan Pulock              Brett Pesce                                       40     0   1  4  

Penalty Kill 4 Players Forward 
   Center                   Wing                     Time % Phy DF OF 
 1 Elias Lindholm           Chandler Stephenson      60     1   3  1  
 2 David Kampf              Nick Paul                40     1   3  1  

Penalty Kill 4 Players Defense
   Defense                  Defense                  Time % Phy DF OF 
 1 Brett Pesce              Ryan Lindgren            60     1   3  1  
 2 Justin Holl              MacKenzie Weegar         40     1   3  1  

Penalty Kill - 3 Players Forward 
   Forward                                           Time % Phy DF OF 
 1 Chandler Stephenson                               60     1   4  0  
 2 David Kampf                                       40     1   4  0  

Penalty Kill - 3 Players Defense
   Defense                  Defense                  Time % Phy DF OF 
 1 Brett Pesce              Ryan Lindgren            60     1   4  0  
 2 Justin Holl              MacKenzie Weegar         40     1   4  0  

4 vs 4 Forward 
   Center                   Wing                     Time % Phy DF OF 
 1 Elias Lindholm           Nathan MacKinnon         60     1   2  2  
 2 Chandler Stephenson      Brayden Point            40     1   2  2  

4 vs 4 Defense
   Defense                  Defense                  Time % Phy DF OF 
 1 Mark Giordano            MacKenzie Weegar         60     1   2  2  
 2 Ryan Pulock              Brett Pesce              40     1   2  2  

Last Minutes Offensive
   Center                   Left Wing                Right Wing               Defense                  Defense                  
   Elias Lindholm           Nathan MacKinnon         Brayden Point            Mark Giordano            MacKenzie Weegar         

Last Minutes Defensive
   Center                   Left Wing                Right Wing               Defense                  Defense                  
   Elias Lindholm           Chandler Stephenson      Artturi Lehkonen         Brett Pesce              Ryan Lindgren            

Goaltenders
Starting : Philipp Grubauer         
Backup : Brian Elliott            

Extra Forwards
Normal : Viktor Arvidsson, Artturi Lehkonen, Jeff Carter - PP : Viktor Arvidsson, Artturi Lehkonen - PK : Viktor Arvidsson
Extra Defensemen
Normal : Brett Pesce, Justin Holl, Ryan Lindgren - PP : Brett Pesce - PK : Brett Pesce, Justin Holl
Penalty Shots
Nathan MacKinnon, Elias Lindholm, Brayden Point, Chandler Stephenson, Viktor Arvidsson

Scratches
Nic Dowd (Healthy), Patrick Maroon (Healthy)

SAN JOSE Sharks

5 vs 5 Forward 
   Center                   Left Wing                Right Wing               Time % Phy DF OF 
 1 John Tavares             Kyle Connor              Joe Pavelski             37     1   2  2  
 2 Sam Bennett              Andrew Mangiapane        Evander Kane             32     2   2  1  
 3 Matias Maccelli          Andrew Cogliano          Matt Nieto               22     1   2  2  
 4 Nick Cousins             Cal Clutterbuck          Austin Watson            9      1   3  1  

5 vs 5 Defense 
   Defense                  Defense                                           Time % Phy DF OF 
 1 Brayden McNabb           Cody Ceci                                         37     1   2  2  
 2 Jack Johnson             Connor Murphy                                     30     1   3  1  
 3 Troy Stecher             John Klingberg                                    23     1   2  2  
 4 Brayden McNabb           Cody Ceci                                         10     1   2  2  

PowerPlay Forward 
   Center                   Left Wing                Right Wing               Time % Phy DF OF 
 1 John Tavares             Kyle Connor              Joe Pavelski             60     1   1  3  
 2 Sam Bennett              Evander Kane             Andrew Mangiapane        40     1   2  2  

PowerPlay Defense
   Defense                  Defense                                           Time % Phy DF OF 
 1 Brayden McNabb           John Klingberg                                    60     1   2  2  
 2 Cody Ceci                Jack Johnson                                      40     1   2  2  

Penalty Kill 4 Players Forward 
   Center                   Wing                     Time % Phy DF OF 
 1 John Tavares             Kyle Connor              60     1   3  1  
 2 Sam Bennett              Matt Nieto               40     1   3  1  

Penalty Kill 4 Players Defense
   Defense                  Defense                  Time % Phy DF OF 
 1 Brayden McNabb           Cody Ceci                60     1   3  1  
 2 Connor Murphy            Jack Johnson             40     1   3  1  

Penalty Kill - 3 Players Forward 
   Forward                                           Time % Phy DF OF 
 1 John Tavares                                      60     1   2  2  
 2 Sam Bennett                                       40     1   2  2  

Penalty Kill - 3 Players Defense
   Defense                  Defense                  Time % Phy DF OF 
 1 Brayden McNabb           Cody Ceci                60     1   2  2  
 2 Connor Murphy            Jack Johnson             40     1   2  2  

4 vs 4 Forward 
   Center                   Wing                     Time % Phy DF OF 
 1 John Tavares             Kyle Connor              60     1   2  2  
 2 Sam Bennett              Matt Nieto               40     1   2  2  

4 vs 4 Defense
   Defense                  Defense                  Time % Phy DF OF 
 1 Brayden McNabb           John Klingberg           60     1   2  2  
 2 Connor Murphy            Jack Johnson             40     1   2  2  

Last Minutes Offensive
   Center                   Left Wing                Right Wing               Defense                  Defense                  
   John Tavares             Kyle Connor              Joe Pavelski             Brayden McNabb           John Klingberg           

Last Minutes Defensive
   Center                   Left Wing                Right Wing               Defense                  Defense                  
   John Tavares             Kyle Connor              Joe Pavelski             Brayden McNabb           Connor Murphy            

Goaltenders
Starting : Darcy Kuemper            
Backup : Semyon Varlamov          

Extra Forwards
Normal : Andrew Cogliano, Matt Nieto, Cal Clutterbuck - PP : Andrew Cogliano, Matt Nieto - PK : Cal Clutterbuck
Extra Defensemen
Normal : Jack Johnson, Troy Stecher, John Klingberg - PP : Connor Murphy - PK : Jack Johnson, Troy Stecher
Penalty Shots
Kyle Connor, John Tavares, Joe Pavelski, Andrew Mangiapane, Sam Bennett

Scratches
Oliver Kylington (Healthy), Brett Howden (Healthy)

% Time on Ice - ANAHEIM Ducks

Lines # - Real PCT - Wanted PCT - Time Play
Normal Forward
1 - 31% - 35% - 10:34
2 - 33% - 35% - 11:01
3 - 27% - 20% - 9:01
4 - 9% - 10% - 2:59
Normal Defense
1 - 38% - 40% - 12:47
2 - 30% - 35% - 10:06
3 - 32% - 20% - 10:42
4 - 0% - 5% - 0:00
PP Forward
1 - 56% - 60% - 6:43
2 - 44% - 40% - 5:17
PP Defense
1 - 55% - 60% - 6:37
2 - 45% - 40% - 5:23
PK Forward
1 - 63% - 60% - 7:29
2 - 37% - 40% - 4:22
PK Defense
1 - 54% - 60% - 6:22
2 - 46% - 40% - 5:29
PK3 Forward
1 - 91% - 60% - 0:32
2 - 9% - 40% - 0:03
PK3 Defense
1 - 100% - 60% - 0:35
2 - 0% - 40% - 0:00
44 Forward
1 - 53% - 60% - 1:03
2 - 47% - 40% - 0:56
44 Defense
1 - 47% - 60% - 0:56
2 - 53% - 40% - 1:03
Last Minute Offensive  - 0:00
Last Minute Defensive  - 0:00
Total
Forward - 60:00
Defense - 60:00

% Time on Ice - SAN JOSE Sharks

Lines # - Real PCT - Wanted PCT - Time Play
Normal Forward
1 - 36% - 37% - 12:00
2 - 27% - 32% - 9:08
3 - 28% - 22% - 9:24
4 - 9% - 9% - 3:03
Normal Defense
1 - 37% - 37% - 12:17
2 - 32% - 30% - 10:43
3 - 32% - 23% - 10:35
4 - 0% - 10% - 0:00
PP Forward
1 - 47% - 60% - 5:54
2 - 53% - 40% - 6:32
PP Defense
1 - 60% - 60% - 7:26
2 - 40% - 40% - 5:00
PK Forward
1 - 66% - 60% - 7:52
2 - 34% - 40% - 4:08
PK Defense
1 - 58% - 60% - 6:59
2 - 42% - 40% - 5:01
PK3 Forward
1 - 100% - 60% - 0:19
2 - 0% - 40% - 0:00
PK3 Defense
1 - 100% - 60% - 0:19
2 - 0% - 40% - 0:00
44 Forward
1 - 78% - 60% - 1:18
2 - 22% - 40% - 0:22
44 Defense
1 - 82% - 60% - 1:22
2 - 18% - 40% - 0:18
Last Minute Offensive  - 0:00
Last Minute Defensive  - 0:00
Total
Forward - 60:00
Defense - 60:00

Play-by-Play

1st period


0:01 of 1st period - Brayden Point wins face-off versus John Tavares in neutral zone.
0:03 of 1st period - MacKenzie Weegar is hit by John Tavares and loses puck.
0:12 of 1st period - Shot by Viktor Arvidsson.
0:12 of 1st period - Stopped by Darcy Kuemper without a rebound.
0:13 of 1st period - Elias Lindholm wins face-off versus Sam Bennett in SAN JOSE Sharks zone.
0:20 of 1st period - Shot by Elias Lindholm.
0:20 of 1st period - Stopped by Darcy Kuemper without a rebound.
0:21 of 1st period - Matias Maccelli wins face-off versus Jeff Carter in SAN JOSE Sharks zone.
0:21 of 1st period - John Klingberg is hit by Jeff Carter.
0:22 of 1st period - Icing by John Klingberg.
0:23 of 1st period - Jeff Carter wins face-off versus Matias Maccelli in SAN JOSE Sharks zone.
0:27 of 1st period - Nick Paul is hit by John Klingberg and loses puck.
0:33 of 1st period - Joel Farabee is hit by Troy Stecher and loses puck.
0:36 of 1st period - Shot by Joel Farabee.
0:36 of 1st period - Shot Misses the Net.
0:50 of 1st period - Shot by Jeff Carter.
0:50 of 1st period - Shot Misses the Net.
0:52 of 1st period - Shot by Ryan Lindgren.
0:52 of 1st period - Shot Misses the Net.
0:58 of 1st period - Shot by Nick Paul.
0:58 of 1st period - Stopped by Darcy Kuemper without a rebound.
0:59 of 1st period - Elias Lindholm wins face-off versus Sam Bennett in SAN JOSE Sharks zone.
0:59 of 1st period - Minor Penalty to Connor Murphy for Boarding.
1:00 of 1st period - Brayden Point wins face-off versus John Tavares in SAN JOSE Sharks zone.
1:06 of 1st period - Viktor Arvidsson is hit by Cody Ceci.
1:08 of 1st period - Shot by Nathan MacKinnon.
1:08 of 1st period - Deflect By Brayden Point.
1:08 of 1st period - Stopped by Darcy Kuemper without a rebound.
1:09 of 1st period - Nathan MacKinnon wins face-off versus John Tavares in SAN JOSE Sharks zone.
1:12 of 1st period - Shot by Brayden Point.
1:12 of 1st period - Stopped by Darcy Kuemper without a rebound.
1:13 of 1st period - Brayden Point wins face-off versus John Tavares in SAN JOSE Sharks zone.
1:14 of 1st period - Shot by Nathan MacKinnon.
1:14 of 1st period - Shot Hit the Post.
1:26 of 1st period - Shot by Mark Giordano.
1:26 of 1st period - Stopped by Darcy Kuemper without a rebound.
1:27 of 1st period - Elias Lindholm wins face-off versus John Tavares in SAN JOSE Sharks zone.
1:59 of 1st period - Artturi Lehkonen is hit by Brayden McNabb and loses puck.
2:08 of 1st period - Shot by Elias Lindholm.
2:08 of 1st period - Shot Misses the Net.
2:10 of 1st period - Shot by Brett Pesce.
2:10 of 1st period - Stopped by Darcy Kuemper without a rebound.
2:11 of 1st period - Brayden Point wins face-off versus Sam Bennett in SAN JOSE Sharks zone.
2:12 of 1st period - Shot by MacKenzie Weegar.
2:12 of 1st period - Stopped by Darcy Kuemper without a rebound.
2:13 of 1st period - Brayden Point wins face-off versus Sam Bennett in SAN JOSE Sharks zone.
2:39 of 1st period - Minor Penalty to Brayden McNabb for Interference.
2:39 of 1st period - Double Minor Penalty to Brayden Point for High sticking.
2:40 of 1st period - John Tavares wins face-off versus Elias Lindholm in SAN JOSE Sharks zone.
2:48 of 1st period - Icing by Ryan Pulock.
2:49 of 1st period - John Tavares wins face-off versus Elias Lindholm in ANAHEIM Ducks zone.
3:24 of 1st period - Shot by Nathan MacKinnon.
3:24 of 1st period - Stopped by Darcy Kuemper without a rebound.
3:25 of 1st period - Chandler Stephenson wins face-off versus Sam Bennett in SAN JOSE Sharks zone.
3:28 of 1st period - Shot by Viktor Arvidsson.
3:28 of 1st period - Stopped by Darcy Kuemper without a rebound.
3:29 of 1st period - John Tavares wins face-off versus Chandler Stephenson in SAN JOSE Sharks zone.
3:37 of 1st period - Icing by Mark Giordano.
3:38 of 1st period - Chandler Stephenson wins face-off versus John Tavares in ANAHEIM Ducks zone.
4:18 of 1st period - Shot by Chandler Stephenson.
4:18 of 1st period - Stopped by Darcy Kuemper with a rebound.
4:20 of 1st period - Shot by Viktor Arvidsson.
4:20 of 1st period - Stopped by Darcy Kuemper without a rebound.
4:21 of 1st period - Elias Lindholm wins face-off versus Matt Nieto in SAN JOSE Sharks zone.
4:34 of 1st period - Shot by Nathan MacKinnon.
4:34 of 1st period - Shot Blocked by Connor Murphy.
4:36 of 1st period - Shot by Ryan Pulock.
4:36 of 1st period - Shot Blocked by Connor Murphy.
4:38 of 1st period - Shot by Brett Pesce.
4:38 of 1st period - Shot Misses the Net.
4:50 of 1st period - Shot by John Klingberg.
4:50 of 1st period - Shot Blocked by MacKenzie Weegar.
4:52 of 1st period - Shot by Brayden McNabb.
4:52 of 1st period - Shot Misses the Net.
4:54 of 1st period - Shot by Brayden McNabb.
4:54 of 1st period - Deflect By Sam Bennett.
4:54 of 1st period - Stopped by Philipp Grubauer without a rebound.
4:55 of 1st period - Elias Lindholm wins face-off versus John Tavares in ANAHEIM Ducks zone.
4:55 of 1st period - Ryan Lindgren is hit by John Tavares.
5:09 of 1st period - Shot by Joe Pavelski.
5:09 of 1st period - Stopped by Philipp Grubauer without a rebound.
5:10 of 1st period - Elias Lindholm wins face-off versus Sam Bennett in ANAHEIM Ducks zone.
5:35 of 1st period - Shot by Cody Ceci.
5:35 of 1st period - Stopped by Philipp Grubauer without a rebound.
5:36 of 1st period - Elias Lindholm wins face-off versus John Tavares in ANAHEIM Ducks zone.
6:21 of 1st period - Icing by Brayden McNabb.
6:22 of 1st period - John Tavares wins face-off versus Elias Lindholm in SAN JOSE Sharks zone.
6:56 of 1st period - MacKenzie Weegar is hit by Evander Kane.
7:14 of 1st period - Jeff Carter is hit by Sam Bennett and loses puck.
8:05 of 1st period - Off-side.
8:06 of 1st period - Elias Lindholm wins face-off versus Nick Cousins in neutral zone.
8:21 of 1st period - Artturi Lehkonen is hit by Austin Watson and loses puck.
8:29 of 1st period - Nick Cousins is hit by Ryan Lindgren and loses puck.
8:51 of 1st period - Icing by Chandler Stephenson.
8:52 of 1st period - John Tavares wins face-off versus Elias Lindholm in ANAHEIM Ducks zone.
8:55 of 1st period - Shot by Joe Pavelski.
8:55 of 1st period - Shot Misses the Net.
8:57 of 1st period - Shot by Jack Johnson.
8:57 of 1st period - Shot Misses the Net.
8:59 of 1st period - Shot by Joe Pavelski.
8:59 of 1st period - Shot Misses the Net.
9:03 of 1st period - Shot by Kyle Connor.
9:03 of 1st period - Shot Blocked by Ryan Lindgren.
9:05 of 1st period - Shot by Kyle Connor.
9:05 of 1st period - Shot Misses the Net.
9:55 of 1st period - Shot by Brayden Point.
9:55 of 1st period - Stopped by Darcy Kuemper without a rebound.
9:56 of 1st period - David Kampf wins face-off versus Matias Maccelli in SAN JOSE Sharks zone.
9:56 of 1st period - Double Minor Penalty to Brayden McNabb for Slashing.
9:57 of 1st period - Brayden Point wins face-off versus John Tavares in SAN JOSE Sharks zone.
10:14 of 1st period - Shot by Kyle Connor.
10:14 of 1st period - Deflect By John Tavares.
10:14 of 1st period - Shot Blocked by MacKenzie Weegar.
10:16 of 1st period - Shot by Troy Stecher.
10:16 of 1st period - Stopped by Philipp Grubauer without a rebound.
10:17 of 1st period - Brayden Point wins face-off versus John Tavares in ANAHEIM Ducks zone.
10:44 of 1st period - Shot by Brayden Point.
10:44 of 1st period - Shot Blocked by Jack Johnson.
10:46 of 1st period - Shot by Brett Pesce.
10:46 of 1st period - Shot Misses the Net.
11:12 of 1st period - Shot by Mark Giordano.
11:12 of 1st period - Shot Blocked by Troy Stecher.
11:14 of 1st period - Shot by Mark Giordano.
11:14 of 1st period - Shot Misses the Net.
11:16 of 1st period - Shot by MacKenzie Weegar.
11:16 of 1st period - Stopped by Darcy Kuemper without a rebound.
11:17 of 1st period - John Tavares wins face-off versus Elias Lindholm in SAN JOSE Sharks zone.
11:23 of 1st period - Icing by Chandler Stephenson.
11:24 of 1st period - Sam Bennett wins face-off versus Elias Lindholm in ANAHEIM Ducks zone.
11:29 of 1st period - Shot by Matt Nieto.
11:29 of 1st period - Stopped by Philipp Grubauer without a rebound.
11:30 of 1st period - Elias Lindholm wins face-off versus John Tavares in ANAHEIM Ducks zone.
11:35 of 1st period - Shot by Elias Lindholm.
11:35 of 1st period - Stopped by Darcy Kuemper without a rebound.
11:36 of 1st period - John Tavares wins face-off versus Brayden Point in SAN JOSE Sharks zone.
12:20 of 1st period - Shot by Nathan MacKinnon.
12:20 of 1st period - Goal by Nathan MacKinnon - ANAHEIM Ducks : 1 - SAN JOSE Sharks : 0.
12:21 of 1st period - Sam Bennett wins face-off versus Elias Lindholm in neutral zone.
12:30 of 1st period - Shot by Chandler Stephenson.
12:30 of 1st period - Stopped by Darcy Kuemper without a rebound.
12:31 of 1st period - Sam Bennett wins face-off versus Elias Lindholm in SAN JOSE Sharks zone.
12:31 of 1st period - Sam Bennett is hit by Chandler Stephenson.
12:45 of 1st period - Shot by Sam Bennett.
12:45 of 1st period - Shot Misses the Net.
13:07 of 1st period - Shot by Chandler Stephenson.
13:07 of 1st period - Stopped by Darcy Kuemper without a rebound.
13:08 of 1st period - John Tavares wins face-off versus Brayden Point in SAN JOSE Sharks zone.
13:26 of 1st period - Shot by Kyle Connor.
13:26 of 1st period - Shot Misses the Net.
13:34 of 1st period - Shot by Joe Pavelski.
13:34 of 1st period - Stopped by Philipp Grubauer without a rebound.
13:35 of 1st period - David Kampf wins face-off versus Matias Maccelli in ANAHEIM Ducks zone.
13:40 of 1st period - John Klingberg is hit by Derick Brassard and loses puck.
14:11 of 1st period - Shot by David Kampf.
14:11 of 1st period - Stopped by Darcy Kuemper with a rebound.
14:13 of 1st period - Shot by Warren Foegele.
14:13 of 1st period - Stopped by Darcy Kuemper without a rebound.
14:14 of 1st period - John Tavares wins face-off versus Brayden Point in SAN JOSE Sharks zone.
14:25 of 1st period - Brayden McNabb is hit by Brayden Point and loses puck.
14:29 of 1st period - Icing by Brayden McNabb.
14:30 of 1st period - Elias Lindholm wins face-off versus John Tavares in SAN JOSE Sharks zone.
14:30 of 1st period - Elias Lindholm is hit by Cody Ceci.
14:35 of 1st period - Minor Penalty to Elias Lindholm for Holding.
14:36 of 1st period - Chandler Stephenson wins face-off versus Sam Bennett in ANAHEIM Ducks zone.
14:36 of 1st period - Chandler Stephenson is hit by Andrew Mangiapane.
14:52 of 1st period - Shot by John Klingberg.
14:52 of 1st period - Shot Misses the Net.
15:02 of 1st period - Shot by Sam Bennett.
15:02 of 1st period - Stopped by Philipp Grubauer without a rebound.
15:03 of 1st period - John Tavares wins face-off versus Viktor Arvidsson in ANAHEIM Ducks zone.
15:12 of 1st period - Shot by John Tavares.
15:12 of 1st period - Stopped by Philipp Grubauer without a rebound.
15:13 of 1st period - Chandler Stephenson wins face-off versus John Tavares in ANAHEIM Ducks zone.
15:28 of 1st period - Shot by John Tavares.
15:28 of 1st period - Stopped by Philipp Grubauer without a rebound.
15:29 of 1st period - Viktor Arvidsson wins face-off versus Evander Kane in ANAHEIM Ducks zone.
15:29 of 1st period - Viktor Arvidsson is hit by Sam Bennett.
15:38 of 1st period - Sam Bennett is hit by Chandler Stephenson and loses puck.
15:59 of 1st period - Minor Penalty to MacKenzie Weegar for Tripping.
16:00 of 1st period - Chandler Stephenson wins face-off versus John Tavares in ANAHEIM Ducks zone.
16:06 of 1st period - Icing by Kyle Connor.
16:07 of 1st period - Chandler Stephenson wins face-off versus John Tavares in SAN JOSE Sharks zone.
16:07 of 1st period - Chandler Stephenson is hit by Jack Johnson.
16:25 of 1st period - Ryan Lindgren is hit by Kyle Connor and loses puck.
16:52 of 1st period - Shot by Joe Pavelski.
16:52 of 1st period - Stopped by Philipp Grubauer without a rebound.
16:53 of 1st period - Elias Lindholm wins face-off versus Sam Bennett in ANAHEIM Ducks zone.
17:08 of 1st period - Shot by Evander Kane.
17:08 of 1st period - Deflect By Andrew Mangiapane.
17:08 of 1st period - Shot Blocked by Ryan Lindgren.
17:36 of 1st period - Shot by Evander Kane.
17:36 of 1st period - Shot Misses the Net.
17:38 of 1st period - Shot by Evander Kane.
17:38 of 1st period - Stopped by Philipp Grubauer without a rebound.
17:39 of 1st period - Elias Lindholm wins face-off versus John Tavares in ANAHEIM Ducks zone.
17:50 of 1st period - Shot by Elias Lindholm.
17:50 of 1st period - Shot Misses the Net.
17:52 of 1st period - Shot by Brett Pesce.
17:52 of 1st period - Shot Misses the Net.
17:54 of 1st period - Shot by Brett Pesce.
17:54 of 1st period - Stopped by Darcy Kuemper without a rebound.
17:55 of 1st period - John Tavares wins face-off versus David Kampf in SAN JOSE Sharks zone.
18:19 of 1st period - Nathan MacKinnon is hit by Connor Murphy and loses puck.
18:24 of 1st period - Shot by Nathan MacKinnon.
18:24 of 1st period - Stopped by Darcy Kuemper without a rebound.
18:25 of 1st period - John Tavares wins face-off versus Jeff Carter in SAN JOSE Sharks zone.
18:57 of 1st period - Icing by Ryan Pulock.
18:58 of 1st period - Sam Bennett wins face-off versus Jeff Carter in ANAHEIM Ducks zone.
19:03 of 1st period - Shot by Andrew Mangiapane.
19:03 of 1st period - Shot Misses the Net.
19:19 of 1st period - Shot by Jeff Carter.
19:19 of 1st period - Shot Misses the Net.
19:26 of 1st period - Icing by Troy Stecher.
19:27 of 1st period - Sam Bennett wins face-off versus Brayden Point in SAN JOSE Sharks zone.
19:38 of 1st period - Shot by Andrew Mangiapane.
19:38 of 1st period - Shot Blocked by Mark Giordano.
Goals for this period are 1 for ANAHEIM Ducks vs 0 for SAN JOSE Sharks.
Shots for this period are 22 for ANAHEIM Ducks vs 11 for SAN JOSE Sharks.

2nd period


0:01 of 2nd period - John Tavares wins face-off versus Elias Lindholm in neutral zone.
0:03 of 2nd period - Cody Ceci is hit by MacKenzie Weegar and loses puck.
0:07 of 2nd period - Icing by Mark Giordano.
0:08 of 2nd period - Artturi Lehkonen wins face-off versus Joe Pavelski in ANAHEIM Ducks zone.
0:27 of 2nd period - Shot by Elias Lindholm.
0:27 of 2nd period - Stopped by Darcy Kuemper without a rebound.
0:28 of 2nd period - Brayden Point wins face-off versus Sam Bennett in SAN JOSE Sharks zone.
0:31 of 2nd period - Shot by Brayden Point.
0:31 of 2nd period - Stopped by Darcy Kuemper without a rebound.
0:32 of 2nd period - Elias Lindholm wins face-off versus John Tavares in SAN JOSE Sharks zone.
1:08 of 2nd period - John Tavares is hit by Artturi Lehkonen and loses puck.
1:12 of 2nd period - Brayden McNabb is hit by MacKenzie Weegar.
1:27 of 2nd period - Icing by MacKenzie Weegar.
1:28 of 2nd period - Sam Bennett wins face-off versus Elias Lindholm in ANAHEIM Ducks zone.
1:31 of 2nd period - Shot by Connor Murphy.
1:31 of 2nd period - Stopped by Philipp Grubauer without a rebound.
1:32 of 2nd period - Brayden Point wins face-off versus Sam Bennett in ANAHEIM Ducks zone.
1:49 of 2nd period - Viktor Arvidsson is hit by Evander Kane.
1:58 of 2nd period - Minor Penalty to Brett Pesce for Hooking.
1:59 of 2nd period - Elias Lindholm wins face-off versus Joe Pavelski in ANAHEIM Ducks zone.
4:03 of 2nd period - Shot by Nathan MacKinnon.
4:03 of 2nd period - Stopped by Darcy Kuemper without a rebound.
4:04 of 2nd period - Matias Maccelli wins face-off versus Brayden Point in SAN JOSE Sharks zone.
4:35 of 2nd period - Matt Nieto is hit by Nathan MacKinnon and loses puck.
5:14 of 2nd period - Shot by Elias Lindholm.
5:14 of 2nd period - Shot Blocked by Jack Johnson.
5:16 of 2nd period - Shot by Chandler Stephenson.
5:16 of 2nd period - Stopped by Darcy Kuemper without a rebound.
5:17 of 2nd period - John Tavares wins face-off versus Jeff Carter in SAN JOSE Sharks zone.
5:17 of 2nd period - John Tavares is hit by Nick Paul.
6:07 of 2nd period - Icing by Brayden McNabb.
6:08 of 2nd period - Joe Pavelski wins face-off versus Elias Lindholm in SAN JOSE Sharks zone.
6:08 of 2nd period - Joe Pavelski is hit by Artturi Lehkonen.
6:11 of 2nd period - Icing by Brayden McNabb.
6:12 of 2nd period - Elias Lindholm wins face-off versus John Tavares in SAN JOSE Sharks zone.
6:34 of 2nd period - Chandler Stephenson is hit by Cody Ceci and loses puck.
6:49 of 2nd period - Shot by Elias Lindholm.
6:49 of 2nd period - Stopped by Darcy Kuemper with a rebound.
7:30 of 2nd period - Evander Kane is hit by Ryan Lindgren and loses puck.
7:48 of 2nd period - Shot by Sam Bennett.
7:48 of 2nd period - Stopped by Philipp Grubauer without a rebound.
7:49 of 2nd period - Matias Maccelli wins face-off versus Jeff Carter in ANAHEIM Ducks zone.
8:10 of 2nd period - Shot by Andrew Cogliano.
8:10 of 2nd period - Shot Misses the Net.
8:12 of 2nd period - Shot by Andrew Cogliano.
8:12 of 2nd period - Goal by Andrew Cogliano - ANAHEIM Ducks : 1 - SAN JOSE Sharks : 1.
8:13 of 2nd period - Nick Cousins wins face-off versus Elias Lindholm in neutral zone.
8:13 of 2nd period - Minor Penalty to Artturi Lehkonen for Boarding.
8:14 of 2nd period - Sam Bennett wins face-off versus Elias Lindholm in ANAHEIM Ducks zone.
8:33 of 2nd period - Shot by Andrew Mangiapane.
8:33 of 2nd period - Stopped by Philipp Grubauer without a rebound.
8:34 of 2nd period - Elias Lindholm wins face-off versus Sam Bennett in ANAHEIM Ducks zone.
8:47 of 2nd period - Shot by Cody Ceci.
8:47 of 2nd period - Stopped by Philipp Grubauer without a rebound.
8:48 of 2nd period - Elias Lindholm wins face-off versus John Tavares in ANAHEIM Ducks zone.
9:01 of 2nd period - Shot by Kyle Connor.
9:01 of 2nd period - Stopped by Philipp Grubauer without a rebound.
9:02 of 2nd period - Elias Lindholm wins face-off versus Sam Bennett in ANAHEIM Ducks zone.
9:38 of 2nd period - Shot by Andrew Mangiapane.
9:38 of 2nd period - Shot Misses the Net.
9:40 of 2nd period - Shot by Jack Johnson.
9:40 of 2nd period - Stopped by Philipp Grubauer without a rebound.
9:41 of 2nd period - Elias Lindholm wins face-off versus John Tavares in ANAHEIM Ducks zone.
9:41 of 2nd period - Elias Lindholm is hit by John Tavares.
9:50 of 2nd period - Icing by John Klingberg.
9:51 of 2nd period - John Tavares wins face-off versus Elias Lindholm in SAN JOSE Sharks zone.
9:53 of 2nd period - Brayden McNabb is hit by Chandler Stephenson and loses puck.
11:09 of 2nd period - Icing by MacKenzie Weegar.
11:10 of 2nd period - John Tavares wins face-off versus Brayden Point in ANAHEIM Ducks zone.
11:37 of 2nd period - Shot by Kyle Connor.
11:37 of 2nd period - Stopped by Philipp Grubauer with a rebound.
11:39 of 2nd period - Shot by Brayden McNabb.
11:39 of 2nd period - Deflect By John Tavares.
11:39 of 2nd period - Shot Misses the Net.
11:49 of 2nd period - Shot by John Tavares.
11:49 of 2nd period - Stopped by Philipp Grubauer without a rebound.
11:50 of 2nd period - Elias Lindholm wins face-off versus Sam Bennett in ANAHEIM Ducks zone.
12:27 of 2nd period - Artturi Lehkonen is hit by John Klingberg and loses puck.
12:43 of 2nd period - Off-side.
12:44 of 2nd period - John Tavares wins face-off versus Jeff Carter in neutral zone.
13:07 of 2nd period - Joel Farabee is hit by Cody Ceci and loses puck.
13:51 of 2nd period - Minor Penalty to Brayden McNabb for Tripping.
13:52 of 2nd period - Brayden Point wins face-off versus Sam Bennett in SAN JOSE Sharks zone.
13:53 of 2nd period - Shot by Viktor Arvidsson.
13:53 of 2nd period - Stopped by Darcy Kuemper without a rebound.
13:54 of 2nd period - Sam Bennett wins face-off versus Nathan MacKinnon in SAN JOSE Sharks zone.
15:22 of 2nd period - Icing by Brett Pesce.
15:23 of 2nd period - John Tavares wins face-off versus Elias Lindholm in ANAHEIM Ducks zone.
15:40 of 2nd period - Shot by Artturi Lehkonen.
15:40 of 2nd period - Shot Misses the Net.
15:42 of 2nd period - Shot by Brett Pesce.
15:42 of 2nd period - Shot Blocked by Jack Johnson.
15:44 of 2nd period - Shot by Brett Pesce.
15:44 of 2nd period - Stopped by Darcy Kuemper with a rebound.
15:46 of 2nd period - Shot by Artturi Lehkonen.
15:46 of 2nd period - Stopped by Darcy Kuemper without a rebound.
15:47 of 2nd period - Brayden Point wins face-off versus Sam Bennett in SAN JOSE Sharks zone.
16:12 of 2nd period - Andrew Mangiapane is hit by Derick Brassard and loses puck.
16:43 of 2nd period - Shot by Cody Ceci.
16:43 of 2nd period - Shot Blocked by Justin Holl.
16:59 of 2nd period - Shot by Andrew Cogliano.
16:59 of 2nd period - Stopped by Philipp Grubauer without a rebound.
17:00 of 2nd period - John Tavares wins face-off versus Elias Lindholm in ANAHEIM Ducks zone.
17:00 of 2nd period - Kyle Connor is hit by MacKenzie Weegar and loses puck.
17:33 of 2nd period - Shot by MacKenzie Weegar.
17:33 of 2nd period - Stopped by Darcy Kuemper without a rebound.
17:34 of 2nd period - Brayden Point wins face-off versus Matt Nieto in SAN JOSE Sharks zone.
17:38 of 2nd period - Minor Penalty to Brayden McNabb for Slashing.
17:39 of 2nd period - John Tavares wins face-off versus Brayden Point in SAN JOSE Sharks zone.
17:39 of 2nd period - Cody Ceci is hit by Nathan MacKinnon.
18:11 of 2nd period - Shot by Brayden Point.
18:11 of 2nd period - Shot Blocked by Cody Ceci.
18:55 of 2nd period - Shot by Elias Lindholm.
18:55 of 2nd period - Stopped by Darcy Kuemper with a rebound.
18:59 of 2nd period - Shot by Elias Lindholm.
18:59 of 2nd period - Deflect By Artturi Lehkonen.
18:59 of 2nd period - Shot Misses the Net.
19:01 of 2nd period - Shot by Mark Giordano.
19:01 of 2nd period - Stopped by Darcy Kuemper without a rebound.
19:02 of 2nd period - Elias Lindholm wins face-off versus John Tavares in SAN JOSE Sharks zone.
19:52 of 2nd period - Shot by Austin Watson.
19:52 of 2nd period - Shot Misses the Net.
Goals for this period are 0 for ANAHEIM Ducks vs 1 for SAN JOSE Sharks.
Shots for this period are 11 for ANAHEIM Ducks vs 10 for SAN JOSE Sharks.

3rd period


0:01 of 3rd period - Elias Lindholm wins face-off versus John Tavares in neutral zone.
1:00 of 3rd period - Off-side.
1:01 of 3rd period - Brayden Point wins face-off versus Matias Maccelli in neutral zone.
2:29 of 3rd period - Nick Paul is hit by Connor Murphy and loses puck.
3:07 of 3rd period - Minor Penalty to Brayden McNabb for High sticking.
3:08 of 3rd period - John Tavares wins face-off versus Elias Lindholm in SAN JOSE Sharks zone.
3:42 of 3rd period - Elias Lindholm is hit by Troy Stecher and loses puck.
4:21 of 3rd period - Off-side.
4:22 of 3rd period - John Tavares wins face-off versus Brayden Point in neutral zone.
4:46 of 3rd period - Shot by Brayden Point.
4:46 of 3rd period - Stopped by Darcy Kuemper without a rebound.
4:47 of 3rd period - Sam Bennett wins face-off versus Elias Lindholm in SAN JOSE Sharks zone.
4:47 of 3rd period - Sam Bennett is hit by Elias Lindholm.
4:57 of 3rd period - Shot by MacKenzie Weegar.
4:57 of 3rd period - Stopped by Darcy Kuemper without a rebound.
4:58 of 3rd period - Nathan MacKinnon wins face-off versus Sam Bennett in SAN JOSE Sharks zone.
4:58 of 3rd period - Nathan MacKinnon is hit by Cody Ceci.
5:18 of 3rd period - Jeff Carter is hit by Austin Watson and loses puck.
5:51 of 3rd period - Shot by Nick Paul.
5:51 of 3rd period - Shot Misses the Net.
6:11 of 3rd period - Jack Johnson is hit by Nick Paul and loses puck.
7:57 of 3rd period - Minor Penalty to Brett Pesce for Elbowing.
7:58 of 3rd period - Sam Bennett wins face-off versus Elias Lindholm in ANAHEIM Ducks zone.
8:31 of 3rd period - Shot by Evander Kane.
8:31 of 3rd period - Deflect By Sam Bennett.
8:31 of 3rd period - Stopped by Philipp Grubauer without a rebound.
8:32 of 3rd period - John Tavares wins face-off versus Elias Lindholm in ANAHEIM Ducks zone.
8:45 of 3rd period - Shot by Joe Pavelski.
8:45 of 3rd period - Shot Blocked by Justin Holl.
8:47 of 3rd period - Shot by John Tavares.
8:47 of 3rd period - Shot Misses the Net.
8:59 of 3rd period - Shot by Joe Pavelski.
8:59 of 3rd period - Shot Misses the Net.
9:15 of 3rd period - Shot by Andrew Mangiapane.
9:15 of 3rd period - Goal by Andrew Mangiapane - ANAHEIM Ducks : 1 - SAN JOSE Sharks : 2.
9:16 of 3rd period - Matias Maccelli wins face-off versus Brayden Point in neutral zone.
9:32 of 3rd period - Viktor Arvidsson is hit by Troy Stecher and loses puck.
9:48 of 3rd period - Minor Penalty to Viktor Arvidsson for Delaying the game.
9:49 of 3rd period - David Kampf wins face-off versus Sam Bennett in ANAHEIM Ducks zone.
10:20 of 3rd period - Shot by Andrew Mangiapane.
10:20 of 3rd period - Stopped by Philipp Grubauer without a rebound.
10:21 of 3rd period - David Kampf wins face-off versus John Tavares in ANAHEIM Ducks zone.
10:34 of 3rd period - Shot by Kyle Connor.
10:34 of 3rd period - Stopped by Philipp Grubauer without a rebound.
10:35 of 3rd period - David Kampf wins face-off versus John Tavares in ANAHEIM Ducks zone.
10:53 of 3rd period - Off-side.
10:54 of 3rd period - Sam Bennett wins face-off versus David Kampf in neutral zone.
11:05 of 3rd period - Shot by Brayden McNabb.
11:05 of 3rd period - Shot Misses the Net.
11:07 of 3rd period - Shot by Sam Bennett.
11:07 of 3rd period - Shot Misses the Net.
11:09 of 3rd period - Shot by John Klingberg.
11:09 of 3rd period - Shot Blocked by Brett Pesce.
11:11 of 3rd period - Shot by John Klingberg.
11:11 of 3rd period - Shot Misses the Net.
11:13 of 3rd period - Shot by Brayden McNabb.
11:13 of 3rd period - Shot Blocked by Brett Pesce.
11:35 of 3rd period - Shot by Andrew Mangiapane.
11:35 of 3rd period - Goal by Andrew Mangiapane - ANAHEIM Ducks : 1 - SAN JOSE Sharks : 3.
11:36 of 3rd period - John Tavares wins face-off versus Brayden Point in neutral zone.
11:40 of 3rd period - Off-side.
11:41 of 3rd period - John Tavares wins face-off versus Elias Lindholm in neutral zone.
11:58 of 3rd period - Shot by Kyle Connor.
11:58 of 3rd period - Stopped by Philipp Grubauer with a rebound.
12:12 of 3rd period - Shot by John Tavares.
12:12 of 3rd period - Shot Hit the Post.
12:14 of 3rd period - Shot by Jack Johnson.
12:14 of 3rd period - Shot Blocked by Mark Giordano.
12:16 of 3rd period - Shot by Jack Johnson.
12:16 of 3rd period - Shot Blocked by MacKenzie Weegar.
12:18 of 3rd period - Shot by Jack Johnson.
12:18 of 3rd period - Goal by Jack Johnson - ANAHEIM Ducks : 1 - SAN JOSE Sharks : 4.
12:19 of 3rd period - Brayden Point wins face-off versus Andrew Mangiapane in neutral zone.
12:34 of 3rd period - Shot by Nathan MacKinnon.
12:34 of 3rd period - Stopped by Darcy Kuemper without a rebound.
12:35 of 3rd period - Jeff Carter wins face-off versus Matias Maccelli in SAN JOSE Sharks zone.
12:54 of 3rd period - Matt Nieto is hit by Joel Farabee and loses puck.
13:53 of 3rd period - Shot by Artturi Lehkonen.
13:53 of 3rd period - Shot Misses the Net.
14:30 of 3rd period - Joe Pavelski is hit by Nathan MacKinnon and loses puck.
14:35 of 3rd period - Kyle Connor is hit by Nathan MacKinnon and loses puck.
14:42 of 3rd period - Shot by Nathan MacKinnon.
14:42 of 3rd period - Stopped by Darcy Kuemper without a rebound.
14:43 of 3rd period - Sam Bennett wins face-off versus David Kampf in SAN JOSE Sharks zone.
14:45 of 3rd period - Icing by Connor Murphy.
14:46 of 3rd period - Brayden Point wins face-off versus Sam Bennett in SAN JOSE Sharks zone.
14:46 of 3rd period - Brayden Point is hit by Jack Johnson.
14:49 of 3rd period - Minor Penalty to Jack Johnson for Interference.
14:50 of 3rd period - Brayden Point wins face-off versus John Tavares in SAN JOSE Sharks zone.
14:55 of 3rd period - Shot by Ryan Pulock.
14:55 of 3rd period - Shot Misses the Net.
15:15 of 3rd period - Shot by Ryan Pulock.
15:15 of 3rd period - Shot Blocked by Connor Murphy.
15:17 of 3rd period - Shot by Nathan MacKinnon.
15:17 of 3rd period - Shot Misses the Net.
16:04 of 3rd period - Shot by Artturi Lehkonen.
16:04 of 3rd period - Stopped by Darcy Kuemper with a rebound.
16:54 of 3rd period - Ryan Lindgren is hit by Sam Bennett and loses puck.
17:09 of 3rd period - Shot by John Klingberg.
17:09 of 3rd period - Shot Blocked by Ryan Lindgren.
17:11 of 3rd period - Shot by John Klingberg.
17:11 of 3rd period - Shot Misses the Net.
18:35 of 3rd period - Shot by Artturi Lehkonen.
18:35 of 3rd period - Deflect By Elias Lindholm.
18:35 of 3rd period - Shot Misses the Net.
18:49 of 3rd period - Shot by Chandler Stephenson.
18:49 of 3rd period - Shot Blocked by Connor Murphy.
19:33 of 3rd period - Shot by Nathan MacKinnon.
19:33 of 3rd period - Deflect By Brayden Point.
19:33 of 3rd period - Shot Misses the Net.
19:37 of 3rd period - Shot by Brayden Point.
19:37 of 3rd period - Stopped by Darcy Kuemper with a rebound.
Goals for this period are 0 for ANAHEIM Ducks vs 3 for SAN JOSE Sharks.
Shots for this period are 6 for ANAHEIM Ducks vs 7 for SAN JOSE Sharks. Output by the SimonT Hockey Simulator (STHS) for Martin Benoit - Original Page W3C HTML5 Valid
Hockey Simulator - Hockey Simulation - Hockey Manager